 Dungeon Crawl Stone Soup version 0.23-a0-550-g7de1f8e (webtiles) character file.

21 Geeful the Digger (level 2, -1/17 HPs)
             Began as an Octopode Earth Elementalist on Dec 8, 2018.
             Slain by a jackal (2 damage)
             ... on level 1 of the Dungeon.
             The game lasted 00:02:23 (786 turns).

Geeful the Digger (Octopode Earth Elementalist)      Turns: 786, Time: 00:02:23

Health: -1/17      AC:  1    Str:  7    XL:     2   Next: 83%
Magic:  4/5        EV: 13    Int: 17    God:
Gold:   24         SH:  0    Dex: 12    Spells: 4/5 levels left

rFire    . . .     SeeInvis .   e - +1 short sword (speed)
rCold    + . .     Gourm    .   (no shield)
rNeg     . . .     Faith    .   (helmet restricted)
rPois    .         Spirit   .   (no amulet)
rElec    .         Reflect  .   (no ring)
rCorr    .         Harm     .   (no ring)
MR       .....     Rnd*Tele +   (no ring)
Stlth    +++.......             (no ring)
HPRegen  0.05/turn              (no ring)
MPRegen  0.09/turn              (no ring)
                                (no ring)
                                (no ring)

@: no status effects
A: almost no armour, stealthy swim, amphibious, 8 rings, constrict 8, camouflage
1, blurry vision 1, cold resistance 1, teleportitis 1, gelatinous body 1
a: no special abilities


You were on level 1 of the Dungeon.
You were not hungry.

You visited 1 branch of the dungeon, and saw 1 of its levels.

You collected 24 gold pieces.

Inventory:

Hand Weapons
 e - a +1 short sword of speed (weapon)
Missiles
 b - 31 stones (quivered)
 f - 21 poisoned needles
Comestibles
 a - a chunk of flesh
 c - 2 rations


   Skills:
 + Level 2.3 Dodging
 + Level 3.2 Stealth
 + Level 2.2 Spellcasting
   Level 1.0 Transmutations
 + Level 3.2 Earth Magic


You had 4 spell levels left.
You knew the following spells:

 Your Spells              Type           Power        Failure   Level  Hunger
a - Sandblast             Erth           ##....       4%          1    #......

Your spell library contained the following spells:

 Spells                   Type           Power        Failure   Level  Hunger
 Passwall                 Tmut/Erth      #.......     12%         2    ###....
 Stone Arrow              Conj/Erth      #.....       28%         3    ###....
 Petrify                  Tmut/Erth      #.......     61%         4    #####..
 Lee's Rapid Deconstruct  Erth           ##........   80%         5    ######.


Dungeon Overview and Level Annotations

Branches:
Dungeon (1/15)

Altars:


Innate Abilities, Weirdness & Mutations

You cannot wear most types of armour.
You are very stealthy in the water. (Stealth+)
You are amphibious.
You can wear up to eight rings at the same time.
You can use your tentacles to constrict eight enemies at once.
Your skin changes colour to match your surroundings (Stealth+).
Your rubbery body absorbs attacks. (AC +1, EV +1)
Scrolls take you a little longer to read.
Your flesh is cold resistant. (rC+)
You are occasionally teleported next to monsters.


Message History

It was a potion of mutation.
You feel extremely strange.
Your connection to magic feels subdued.
Your vision blurs.
You feel your magical essence link to your wands.
Fur sprouts all over your body.
You feel extremely strange.
Your vision sharpens.
Your magic regains its normal vibrancy.
Your magical essence is no longer linked to your wands.
You shed all your fur.
You feel weirdly uncertain.
Your vision blurs.
You feel resistant to cold. The jackal bites you.
* * * LOW HITPOINT WARNING * * *
Casting: Sandblast (safe; 4% risk of failure)
Confirm with . or Enter, or press ? or * to list all spells.
Aiming: Sandblast (safe; 4% risk of failure)
Press: ? - help, Shift-Dir - straight line, f - jackal
Aim: a jackal The blast of sand hits the jackal.
b - 31 stones The jackal bites you.
You die...

#...##.#*,*,* **********
#...*#.#*,*,*# ***,,,,,,,,*
###*#...*#.#*,*,*# *,,,,,,,,,,*
#..,...,*#.#*,*,** *,,,,,,,,,,*
#.#*#..,*#.##,*,** *,,,,,,,,,,*
#.# #.#**#..#,*,** ,,,,******,*
#.# #.####..#.#.#* ,,,,*** *,*
#.###...........#* ,,,,,,* *,*
#@#.).)###..#.####
,,,,,.####+#####h#.#..#*#........
*,,,,.........(#K#.#).#*.....####
,,,,,..b..r...........#*g....#**#
,**,,......K...r......#*.......,,
,**,,..........#.###..##.........
,**,,..........#.#,...#**#.######
,****##....####...,...# #.# #..
,*****#....,,,...#.*..####.####.#


You could see a jackal, a kobold and a rat.

Vanquished Creatures
  A leopard gecko (D:1)
  A bat (D:1)
  A giant cockroach (D:1)
  2 goblins (D:1)
  4 hobgoblins (D:1)
  2 ball pythons (D:1)
  2 frilled lizards (D:1)
  5 kobolds (D:1)
18 creatures vanquished.

Notes
Turn   | Place    | Note
-------+----------+-------------------------------------------
     0 | D:1      | Geeful the Octopode Earth Elementalist began the quest for
                  | the Orb.
     0 | D:1      | Reached XP level 1. HP: 11/11 MP: 3/3
   233 | D:1      | Reached XP level 2. HP: 16/17 MP: 5/5
   784 | D:1      | Gained mutation: Your spells are a little easier to cast,
                  | but a little less powerful. [potion of mutation]
   784 | D:1      | Gained mutation: Scrolls take you a little longer to read.
                  | [potion of mutation]
   784 | D:1      | Gained mutation: You expend magic power (3 MP) to
                  | strengthen your wands. [potion of mutation]
   784 | D:1      | Gained mutation: You are covered in fur. (AC +1) [potion of
                  | mutation]
   785 | D:1      | Lost mutation: Scrolls take you a little longer to read.
                  | [potion of mutation]
   785 | D:1      | Lost mutation: Your spells are a little easier to cast, but
                  | a little less powerful. [potion of mutation]
   785 | D:1      | Lost mutation: You expend magic power (3 MP) to strengthen
                  | your wands. [potion of mutation]
   785 | D:1      | Lost mutation: You are covered in fur. (AC +1) [potion of
                  | mutation]
   785 | D:1      | Gained mutation: You are occasionally teleported next to
                  | monsters. [potion of mutation]
   785 | D:1      | Gained mutation: Scrolls take you a little longer to read.
                  | [potion of mutation]
   785 | D:1      | Gained mutation: Your flesh is cold resistant. (rC+)
                  | [potion of mutation]
   786 | D:1      | Slain by a jackal

Vault maps used:
D:1:      dpeg_arrival_tiny_i, minmay_fountain_box, minmay_heptomino_l4

Skill      XL: |  1 |
---------------+----+-----
Stealth        | 3 |  3.2
Dodging        | |  2.3
Spellcasting   | |  2.2
Transmutations | |  1.0
Earth Magic    | |  3.2

Action                   || total
-------------------------++-------
Melee: Unarmed           ||    18
       Constrict         ||     8
       Tentacles         ||     3
       Short sword       ||    11
 Cast: Sandblast         ||    10
  Use: Scroll            ||     2
       Potion            ||     2
 Stab: Sleeping          ||     7
Armor: Skin              ||     7
Dodge: Dodged            ||    15

Table legend:
 A = Non-vault XP
 B = Vault XP
 C = Vault XP percentage of total XP
 D = Non-vault monster count
 E = Vault monster count
 F = Vault count percentage of total count
                 A         B        C        D         E       F
            +---------+---------+-------+---------+---------+-------
      Total |      30 |       0 |   0.0 |      18 |       0 |   0.0
            +---------+---------+-------+---------+---------+-------
        D:1 |      30 |       0 |   0.0 |      18 |       0 |   0.0
            +---------+---------+-------+---------+---------+-------
